 Dungeon Crawl Stone Soup version 0.30.1-11-g7821555f0a (webtiles) character file.

Game seed: 16432534923788747487

924 Dvallin the Blocker (level 8, -1/58 HPs)
             Began as a Formicid Fighter on Nov 15, 2023.
             Was an Initiate of Hepliaklqana.
             Slain by a gnoll sergeant
             ... wielding a +0 spear
              (2 damage)
             ... on level 5 of the Dungeon.
             The game lasted 00:07:47 (4391 turns).

Dvallin the Blocker (Formicid Fighter)              Turns: 4391, Time: 00:07:48

Health: -1/58      AC: 18    Str: 23    XL:     8   Next: 32%
Magic:  8/8        EV:  8    Int: 11    God:    Hepliaklqana [......]
Gold:   210        SH:  7    Dex: 13    Spells: 7/7 levels left

rFire   . . .        m - staff of air
rCold   . . .        c - +0 buckler
rNeg    . . .        q - +4 chain mail "Lydeij" {Harm Will+ Int+3}
rPois   .            (helmet unavailable)
rElec   +            (no cloak)
rCorr   .            (no gloves)
SInv    +            l - +0 pair of boots
Will    ++...        (no amulet) Stlth
                     f - ring of willpower
HPRegen 0.29/turn    k - +4 ring of protection
MPRegen 0.11/turn

%: harm (+30% outgoing, +20% incoming)
@: no status effects
A: permanent stasis, dig shafts and tunnels, antennae 3, four strong arms
a: Dig, Shaft Self, Renounce Religion


You were on level 5 of the Dungeon.
You worshipped Hepliaklqana.
Hepliaklqana was noncommittal.
You visited 1 branch of the dungeon, and saw 5 of its levels.

You collected 210 gold pieces.

Inventory:

Hand Weapons
 a - a +0 quarterstaff
Missiles
 o - 2 throwing nets
 u - 4 curare-tipped darts
Armour
 c - a +0 buckler (worn)
 l - a +0 pair of boots (worn)
 q - the +4 chain mail "Lydeij" (worn) {Harm Will+ Int+3}
   (You took it off a kobold on level 2 of the Dungeon)

   Int:       It affects your intelligence (+3).
   Harm:      It increases damage dealt and taken.
   Will:      It increases your willpower.
 v - a +0 plate armour
Magical Staves
 m - a staff of air (weapon)
Jewellery
 b - a ring of ice
 f - a ring of willpower (left hand)
 k - a +4 ring of protection (right hand)
 s - a +6 ring of intelligence
 w - a ring of magical power
Wands
 d - a wand of mindburst (6)
Scrolls
 e - 7 scrolls of identify {unknown}
 g - a scroll of enchant armour {unknown}
 j - a scroll of fog {unknown}
 n - 2 scrolls of noise {unknown}
 r - 3 scrolls of vulnerability {unknown}
 t - 2 scrolls of enchant weapon {unknown}
 x - a scroll of acquirement {unknown}
 y - a scroll of teleportation {unknown}
Potions
 h - 4 potions of heal wounds
 i - a potion of might
 p - a potion of curing


   Skills:
 - Level 3.2 Fighting
 - Level 2.0 Staves
 - Level 3.2 Armour
 + Level 12.3 Shields


You had 7 spell levels left.
You didn't know any spells.
Your spell library contained the following spells:

 Spells                   Type           Power      Damage    Failure   Level
 Summon Small Mammal      Summ           0%         N/A       94%         1
 Call Canine Familiar     Summ           0%         N/A       100%        3
 Summon Guardian Golem    Hex/Summ       0%         N/A       100%        3


Dungeon Overview and Level Annotations

Branches:
Dungeon (5/15)             Temple (0/1) D:5

Altars:
Elyvilon
Hepliaklqana
Kikubaaqudgha
Ru
Vehumet

Annotations:
D:4 1 runed translucent door, Crazy Yiuf


Innate Abilities, Weirdness & Mutations

You cannot be hasted, slowed, berserked, paralysed or teleported.
You can dig through walls and to a lower floor.
You have a pair of large antennae on your head. (SInv)
Your four strong arms can wield two-handed weapons with a shield.


Message History

The gnoll sergeant completely misses you.
You hit the gnoll sergeant.
The gnoll sergeant is almost dead.
The gnoll hits you but does no damage.
The gnoll sergeant hits you but does no damage.
You hit the gnoll sergeant but do no damage.
The gnoll sergeant is almost dead.
The gnoll hits you but does no damage.
The gnoll sergeant hits you with a +0 spear!
* * * LOW HITPOINT WARNING * * *
You hit the gnoll sergeant but do no damage.
The gnoll sergeant is almost dead.
You block the gnoll's attack.
The gnoll sergeant hits you but does no damage.
The gnoll hits you from afar with a +0 halberd.
* * * LOW HITPOINT WARNING * * *
You hit the gnoll sergeant.
The gnoll sergeant is almost dead.
The gnoll sergeant barely misses you. The gnoll hits you but does no damage.
You hit the gnoll sergeant but do no damage.
The gnoll sergeant is almost dead.
The gnoll sergeant hits you but does no damage.
The gnoll barely misses you.
You hit the gnoll sergeant but do no damage.
The gnoll sergeant is almost dead.
You block the gnoll sergeant's attack. The gnoll closely misses you.
You hit the gnoll sergeant but do no damage.
The gnoll sergeant is almost dead.
The gnoll sergeant hits you with a +0 spear.
* * * LOW HITPOINT WARNING * * *
The gnoll barely misses you.
You hit the gnoll sergeant but do no damage.
The gnoll sergeant is almost dead.
The gnoll sergeant hits you but does no damage.
The gnoll barely misses you. You block the gnoll sergeant's attack.
You hit the gnoll sergeant but do no damage.
The gnoll sergeant is almost dead.
You block the gnoll's attack.
The gnoll sergeant hits you with a +0 spear.
You die...

..._....## ##.## # #
.#...#..# #.# # #.
##.###.# #.# #
#..#[..#..# #+# #
#.........# #
#####....## . #
#...#####.......## ##
#.#..####.........####.
#.....@g'.........+....
##..g####.........####.
#..## #.......# #. #.#
#.....# #. #. #...# #.
## #g# #. # #.# #.
....###[###### #.
...~~~...g..g# ##


You could see a gnoll sergeant and a gnoll.

Vanquished Creatures
  Grinder (D:4)
  Sigmund (D:2)
  An ice beast (D:4)
  A phantom (D:5)
  A scorpion (D:4)
  A sleepcap (D:5)
  An iguana (D:4)
  An orc wizard (D:4)
  10 gnolls
  4 adders
  2 worms (D:3)
  2 dart slugs
  7 orcs
  10 endoplasms
  6 giant cockroaches
  9 goblins
  7 hobgoblins
  8 jackals
  5 quokkas
  7 ball pythons
  6 bats
  4 frilled lizards
  10 kobolds
  7 rats
112 creatures vanquished.

Notes
Turn   | Place    | Note
-------+----------+-------------------------------------------
     0 | D:1      | Dvallin the Formicid Fighter began the quest for the Orb.
     0 | D:1      | Reached XP level 1. HP: 18/18 MP: 1/1
   119 | D:1      | Reached XP level 2. HP: 23/24 MP: 2/2
   244 | D:1      | Reached skill level 5 in Shields
   342 | D:1      | Reached XP level 3. HP: 29/29 MP: 3/3
   827 | D:2      | Noticed Sigmund
   943 | D:1      | Reached skill level 6 in Shields
   946 | D:1      | Reached XP level 4. HP: 27/35 MP: 4/4
  1295 | D:2      | Identified the +4 chain mail "Lydeij" {Harm Will+ Int+3}
  1334 | D:2      | Reached skill level 7 in Shields
  1465 | D:2      | Reached XP level 5. HP: 31/41 MP: 5/5
  1661 | D:2      | Killed Sigmund
  1662 | D:2      | Reached skill level 9 in Shields
  1662 | D:2      | Reached XP level 6. HP: 42/47 MP: 6/6
  2627 | D:4      | Reached XP level 7. HP: 49/52 MP: 7/7
  2819 | D:4      | Reached skill level 10 in Shields
  3138 | D:4      | Found a sacrificial altar of Ru.
  3251 | D:4      | Found a hazy altar of Hepliaklqana.
  3255 | D:4      | Found a white marble altar of Elyvilon.
  3304 | D:4      | Noticed Grinder
  3351 | D:4      | Killed Grinder
  3352 | D:4      | Reached skill level 11 in Shields
  3352 | D:4      | Reached XP level 8. HP: 47/58 MP: 8/8
  3398 | D:4      | Became a worshipper of Hepliaklqana the Forgotten
  3569 | D:4      | Found an ancient bone altar of Kikubaaqudgha.
  3777 | D:4      | Found a runed translucent door.
  3778 | D:4      | Noticed Crazy Yiuf
  3988 | D:5      | Entered Level 5 of the Dungeon
  4043 | D:5      | Reached skill level 12 in Shields
  4164 | D:5      | Found a staircase to the Ecumenical Temple.
  4329 | D:5      | Found a radiant altar of Vehumet.
  4385 | D:5      | HP: 2/58 [gnoll/+0 halberd[a gnoll sergeant] (6)]
  4391 | D:5      | Slain by a gnoll sergeant

Illustrated notes

Levels and vault maps discovered:
D:1:      lightli_arrival_statuegarden, layout_basic, chequers_decorated_corner
D:2:      layout_rooms, chequers_serial_rivers_micro_d,
          kennysheep_generic_room_3, uniq_sigmund
D:3:      layout_loops_ring
D:4:      layout_loops_corners, mainiacjoe_overflow_tiny_flanked,
          general_overflow_altar, mainiacjoe_overflow_large_starburst,
          minivault_23, serial_park_tiny_1, hex_large, uniq_grinder,
          uniq_crazy_yiuf_cottage
D:5:      layout_loops_corners, vehumet_crystals, marbit_many_paths,
          mainiacjoe_overflow_alcove_2, minmay_temple_entry_mist

Skill      XL: |  1  2  3  4  5  6  7  8 |
---------------+-------------------------+-----
Shields        | 5 6 7 9 11 12 | 12.3
Fighting       | |  3.2
Staves         | |  2.0
Armour         | |  3.2

Action                     |  1- 3 |  4- 6 |  7- 9 || total
---------------------------+-------+-------+-------++-------
  Melee: Quarterstaff      |    60 |       |       ||    60
         Staff             |    20 |   277 |   282 ||   579
  Throw: Dart              |       |       |     6 ||     6
Ability: Dig               |       |       |     2 ||     2
    Use: Potion            |       |     4 |       ||     4
 Armour: Scale mail        |    53 |    15 |       ||    68
         Chain mail        |       |   147 |   157 ||   304
  Dodge: Dodged            |    39 |    98 |    83 ||   220
  Block: Buckler           |    24 |    79 |    83 ||   186
